[Event "Titled Tuesday Blitz June 20 Late 2023"]
[White "Uzcategui Rodriguez, Alejandro"]
[Black "Torres Dominguez, David"]
[WhiteFideId "3903400"]
[BlackFideId "2220857"]
[WhiteElo "2252"]
[BlackElo "1999"]
[Result "1/2-1/2"]
[Round "3"]
[TimeControl "180+2"]
[Date "2023.06.20"]
[WhiteClock "0:00:29"]
[BlackClock "0:00:16"]
[Board "135"]

1. e4 e5 2. Nf3 Nc6 3. d4 exd4 4. Bc4 Bc5 5. c3 Nf6 6. e5 d5 7. Bb5 Ne4 8. cxd4 Bb6 9. Nc3 O-O 10. Be3 Bg4 11. h3 Bh5 12. Qc2 Bg6 13. Qb3 Ne7 14. O-O c6 15. Bd3 Nxc3 16. Qxc3 Bxd3 17. Qxd3 Ng6 18. Ng5 Qd7 19. f4 h6 20. f5 hxg5 21. fxg6 fxg6 22. Qxg6 Qe7 23. Rad1 Rxf1+ 24. Rxf1 Rf8 25. Rxf8+ Qxf8 26. Qxg5 Qb4 27. e6 Qe1+ 28. Kh2 Bc7+ 29. Bf4 Bxf4+ 30. Qxf4 Qxe6 31. Qb8+ Kh7 32. Qxb7 Qf5 33. Qc7 Qf2 34. b4 Qxd4 35. Qxc6 Qe5+ 36. Kg1 Qe1+ 37. Kh2 Qe5+ 38. Kh1 Qe1+ 39. Kh2 Qe5+ 1/2-1/2


[Site "https://www.chess.com"]

[Event "Titled Tuesday Blitz June 20 Late 2023"]
[White "Karamsetty, Jeevan"]
[Black "Sanchez, Robert"]
[WhiteFideId "2025337"]
[BlackFideId "2034360"]
[WhiteElo "2131"]
[BlackElo "2066"]
[Result "0-1"]
[Round "3"]
[TimeControl "180+2"]
[Date "2023.06.20"]
[WhiteClock "0:01:03"]
[BlackClock "0:01:30"]
[Board "136"]

1. g3 d5 2. Bg2 Nc6 3. b3 e5 4. Bb2 Be6 5. Nf3 f6 6. d3 Qd7 7. Nbd2 O-O-O 8. e4 g5 9. O-O d4 10. a4 h5 11. a5 a6 12. h4 Bh3 13. Nc4 Bc5 14. hxg5 h4 15. gxh4 Bxg2 16. Kxg2 Qg4+ 17. Kh1 Nge7 18. Rg1 Rxh4+ 19. Nxh4 Qh3# 0-1


[Site "https://www.chess.com"]

[Event "Titled Tuesday Blitz June 20 Late 2023"]
[White "Vargas, Mauricio"]
[Black "Muradov, Soltan"]
[WhiteFideId "4404572"]
[BlackFideId "14002108"]
[WhiteElo "1986"]
[BlackElo "2163"]
[Result "0-1"]
[Round "3"]
[TimeControl "180+2"]
[Date "2023.06.20"]
[WhiteClock "0:00:00"]
[BlackClock "0:02:03"]
[Board "137"]

1. e4 c6 2. Nc3 d5 3. d3 Nf6 4. e5 Nfd7 5. f4 e6 6. Nf3 c5 7. g4 h5 8. g5 g6 9. Bg2 Nc6 10. O-O a6 11. Ne2 b5 12. c3 Qb6 13. h4 Bb7 14. Kh2 Ne7 15. Ng3 c4 16. d4 O-O-O 17. a4 b4 18. Bd2 b3 19. a5 Qc7 20. Kh3 Nc6 21. Ra4 Nxa5 22. Qa1 Nc6 23. Be3 Nb6 24. Rxa6 Bxa6 25. Qxa6+ Qb7 26. Qa1 Kc7 27. Nd2 Ra8 28. Qb1 Ra2 29. Bf3 Be7 30. Rf2 Rha8 0-1


[Site "https://www.chess.com"]

[Event "Titled Tuesday Blitz June 20 Late 2023"]
[White "Della Corte, Alessandro"]
[Black "Grabs, Peter"]
[WhiteFideId "813540"]
[BlackFideId "16203887"]
[WhiteElo "2205"]
[BlackElo "1672"]
[Result "1-0"]
[Round "3"]
[TimeControl "180+2"]
[Date "2023.06.20"]
[WhiteClock "0:02:34"]
[BlackClock "0:02:13"]
[Board "138"]

1. d4 e6 2. c4 d5 3. Nf3 Nf6 4. Nc3 Be7 5. cxd5 exd5 6. Bf4 O-O 7. e3 Bf5 8. Qb3 b6 9. Be2 Nc6 10. O-O Ne4 11. Nxd5 Be6 12. Nxe7+ Qxe7 13. Qc2 Bf5 14. Qxc6 Rab8 15. Qxc7 Qxc7 16. Bxc7 Rbc8 17. Rac1 Bg4 18. h3 Bxf3 19. Bxf3 Nd2 20. Rfd1 Nxf3+ 21. gxf3 Rfe8 22. Kg2 Re7 23. Bd6 Rxc1 24. Rxc1 Re8 25. Rc7 g6 26. Rxa7 Kg7 27. Be5+ Kh6 28. e4 1-0


[Site "https://www.chess.com"]

[Event "Titled Tuesday Blitz June 20 Late 2023"]
[White "Kielinkei"]
[Black "Makhnev, Denis"]
[BlackFideId "13707647"]
[WhiteElo "2454"]
[BlackElo "2515"]
[Result "0-1"]
[Round "3"]
[TimeControl "180+2"]
[Date "2023.06.20"]
[WhiteClock "0:00:03"]
[BlackClock "0:02:10"]
[Board "139"]

1. Nf3 Nc6 2. e4 Nf6 3. Nc3 d5 4. exd5 Nxd5 5. Bb5 g6 6. Ne5 Qd6 7. Nxc6 bxc6 8. Be2 Bg7 9. O-O O-O 10. d4 Bf5 11. Bd3 Bxd3 12. Qxd3 Nb4 13. Qe2 Qxd4 14. Be3 Qe5 15. Rab1 Nd5 16. Bd2 Rab8 17. Qxe5 Bxe5 18. Na4 Rfd8 19. b3 Nb6 20. Bh6 f6 21. Nc5 Kf7 22. Bc1 Bd4 23. Ba3 Nd5 24. Rbe1 e5 25. c4 Nf4 26. Rd1 Ne2+ 27. Kh1 Nc3 28. Rd2 Bxc5 29. Rxd8 Rxd8 30. Bxc5 Nxa2 31. Bxa7 Rd3 32. f4 e4 33. Ra1 Nc3 34. Kg1 e3 35. Kf1 Rd1+ 36. Rxd1 e2+ 0-1


[Site "https://www.chess.com"]

[Event "Titled Tuesday Blitz June 20 Late 2023"]
[White "FromTexas54"]
[Black "Can, Isik"]
[BlackFideId "6383742"]
[WhiteElo "2417"]
[BlackElo "2374"]
[Result "0-1"]
[Round "3"]
[TimeControl "180+2"]
[Date "2023.06.20"]
[WhiteClock "0:00:00"]
[BlackClock "0:00:57"]
[Board "140"]

1. d4 d5 2. c4 c6 3. Nf3 Nf6 4. Nc3 dxc4 5. a4 e6 6. e3 c5 7. Bxc4 Nc6 8. O-O cxd4 9. exd4 Be7 10. Bg5 O-O 11. Re1 Bd7 12. Ne5 Rc8 13. Bb3 Nb4 14. Re3 Nfd5 15. Bxe7 Nxe7 16. Qh5 Nf5 17. Rh3 h6 18. Rd1 Nc6 19. Nxd7 Qxd7 20. d5 Ncd4 21. dxe6 fxe6 22. Rhd3 Kh8 23. g4 e5 24. gxf5 Rxf5 25. Qh3 Rg5+ 26. Kh1 Qxh3 27. Rxh3 Nxb3 28. Ne4 Rg4 29. Nd6 Rc1 30. Rxc1 Nxc1 31. Nf7+ Kh7 32. Nxe5 Rxa4 33. Rc3 Ne2 34. Rc7 Nf4 35. h4 Ne6 36. h5 Nxc7 0-1


[Site "https://www.chess.com"]

[Event "Titled Tuesday Blitz June 20 Late 2023"]
[White "Kavyev, Ruslan"]
[Black "Ionescu, Mihai"]
[WhiteFideId "34110981"]
[BlackFideId "1202499"]
[WhiteElo "2336"]
[BlackElo "2279"]
[Result "1-0"]
[Round "3"]
[TimeControl "180+2"]
[Date "2023.06.20"]
[WhiteClock "0:01:23"]
[BlackClock "0:00:49"]
[Board "141"]

1. d4 Nf6 2. c4 Nc6 3. Nf3 e6 4. g3 Bb4+ 5. Bd2 Qe7 6. Bg2 O-O 7. O-O Bxd2 8. Qxd2 d6 9. Nc3 e5 10. e4 Bg4 11. dxe5 Nxe5 12. Nxe5 dxe5 13. Nd5 Nxd5 14. cxd5 Bd7 15. Rac1 c6 16. Rfd1 cxd5 17. exd5 Qd6 18. Rc3 Rfc8 19. Rdc1 h6 20. b4 Rxc3 21. Rxc3 Rc8 22. Rxc8+ Bxc8 23. Qc3 Bd7 24. Qc5 Qxc5 25. bxc5 Kf8 26. Kf1 Bc8 27. Ke2 Ke7 28. Kd3 f5 29. Kc4 g5 30. d6+ Ke6 31. Bd5+ Kf6 32. a4 f4 33. a5 a6 34. c6 bxc6 35. Bxc6 Ke6 36. Kc5 Bd7 37. Bxd7+ Kxd7 38. Kd5 fxg3 39. hxg3 e4 40. g4 Kd8 41. Kxe4 1-0


[Site "https://www.chess.com"]

[Event "Titled Tuesday Blitz June 20 Late 2023"]
[White "Tymrakiewicz, Rafal"]
[Black "Fishbein, Alexander"]
[WhiteFideId "1108832"]
[BlackFideId "2000377"]
[WhiteElo "2151"]
[BlackElo "2403"]
[Result "0-1"]
[Round "3"]
[TimeControl "180+2"]
[Date "2023.06.20"]
[WhiteClock "0:00:00"]
[BlackClock "0:00:21"]
[Board "142"]

1. d4 Nf6 2. Bg5 Ne4 3. Bf4 c5 4. d5 Qb6 5. Nc3 Qxb2 6. Nxe4 Qb4+ 7. Qd2 Qxe4 8. Rb1 d6 9. f3 Qd4 10. e4 Qxd2+ 11. Bxd2 e5 12. Ne2 Be7 13. Nc3 O-O 14. Nb5 Na6 15. Na3 b6 16. g4 Nc7 17. Nb5 Nxb5 18. Bxb5 Rb8 19. c4 a6 20. Bc6 Bb7 21. Ba4 b5 22. cxb5 axb5 23. Bxb5 Ba6 24. a4 Bxb5 25. axb5 Rb7 26. Ke2 Rfb8 27. Kd3 Rxb5 28. Rxb5 Rxb5 29. Kc2 h6 30. Ra1 Rb8 31. Ra6 Rd8 32. Ra7 Bg5 33. Ba5 Re8 34. Bc7 Be7 35. Ra6 Rc8 36. Bxd6 Bf6 37. Rc6 Ra8 38. Bxc5 Ra2+ 39. Kb3 Rxh2 40. d6 Rh3 41. d7 Rxf3+ 42. Kc4 Bg5 43. Rc8+ Kh7 44. d8=Q Bxd8 45. Rxd8 Rf4 46. Kd5 f6 0-1


[Site "https://www.chess.com"]

[Event "Titled Tuesday Blitz June 20 Late 2023"]
[White "Pinheiro, Iung Alicio de O."]
[Black "Sivakumar, Shaaketh"]
[WhiteFideId "2104350"]
[BlackFideId "30940176"]
[WhiteElo "2283"]
[BlackElo "2174"]
[Result "1/2-1/2"]
[Round "3"]
[TimeControl "180+2"]
[Date "2023.06.20"]
[WhiteClock "0:00:03"]
[BlackClock "0:00:17"]
[Board "143"]

1. d4 e6 2. c4 b6 3. a3 f5 4. Nc3 Nf6 5. Nf3 Bb7 6. d5 g6 7. g3 Bg7 8. Bg2 O-O 9. O-O Na6 10. Nd4 Nc5 11. Bg5 h6 12. Bxf6 Qxf6 13. e3 a5 14. b4 axb4 15. axb4 Rxa1 16. Qxa1 Ra8 17. Qb1 Na4 18. Ncb5 Qe5 19. dxe6 Bxg2 20. Kxg2 dxe6 21. Qd1 Nb2 22. Qf3 Rf8 23. Nc6 Qf6 24. Nxc7 Nxc4 25. Rd1 g5 26. Rd7 g4 27. Qe2 Ne5 28. Nxe5 Qxe5 29. Qd3 Kh8 30. Re7 Bf6 31. Rd7 Rc8 32. Nb5 h5 33. Nd6 Qc3 34. Nxc8 Qc6+ 35. Kg1 Qxc8 36. Qd1 h4 37. gxh4 Qc6 38. Rd6 Qe4 39. Rd7 Bxh4 40. Qd4+ Qxd4 41. Rxd4 Be7 42. b5 Kg7 43. Rd7 Kf6 44. Rb7 Bc5 45. Kg2 Ke5 46. f3 Bxe3 47. fxg4 fxg4 48. Kg3 Bf4+ 49. Kxg4 Bxh2 50. Rxb6 Bg1 51. Rb7 Kd5 52. Kf3 e5 53. Ke2 Bd4 54. Kd3 e4+ 55. Ke2 e3 56. Rh7 Bb6 57. Rh5+ Kc4 58. Re5 Bd4 59. Rh5 Bb6 60. Rh4+ Kxb5 61. Kd3 Kc6 62. Rh6+ Kb5 63. Re6 Ba7 64. Kc3 Bb6 65. Re5+ Kc6 66. Kc4 Kd6 67. Re4 Ba7 68. Rh4 Bb6 69. Rh6+ Kc7 70. Kb5 Bd4 71. Re6 Kd7 72. Re4 Ba7 73. Kc4 Kd6 74. Rh4 Ke5 75. Kd3 Bc5 76. Rh5+ Kd6 77. Kc4 e2 78. Rh6+ Ke7 79. Rh1 Bf2 80. Kd3 e1=Q 81. Rxe1+ Bxe1 1/2-1/2


[Site "https://www.chess.com"]

[Event "Titled Tuesday Blitz June 20 Late 2023"]
[White "ElDivis"]
[Black "Melikhov, Evgeny V."]
[BlackFideId "4122046"]
[WhiteElo "2528"]
[BlackElo "2158"]
[Result "1-0"]
[Round "3"]
[TimeControl "180+2"]
[Date "2023.06.20"]
[WhiteClock "0:02:12"]
[BlackClock "0:01:19"]
[Board "144"]

1. e4 e5 2. Nf3 Nc6 3. Bc4 Nf6 4. d3 Be7 5. Nbd2 d6 6. Nf1 O-O 7. Ng3 Na5 8. Bb3 a6 9. Bd2 c5 10. Bxa5 Qxa5+ 11. c3 b5 12. O-O h6 13. Nh4 Re8 14. Nhf5 Bf8 15. f4 Be6 16. fxe5 Bxb3 17. axb3 dxe5 18. Rxa5 1-0


[Site "https://www.chess.com"]

[Event "Titled Tuesday Blitz June 20 Late 2023"]
[White "Fedotov, Nikita"]
[Black "Wang, Isaac"]
[WhiteFideId "24161446"]
[BlackFideId "30977185"]
[WhiteElo "2211"]
[BlackElo "2369"]
[Result "0-1"]
[Round "3"]
[TimeControl "180+2"]
[Date "2023.06.20"]
[WhiteClock "0:00:21"]
[BlackClock "0:00:35"]
[Board "145"]

1. c4 c6 2. g3 d5 3. Nf3 Nf6 4. Bg2 Bf5 5. Qb3 Qc7 6. d3 Nbd7 7. Nc3 e6 8. Bf4 Qb6 9. O-O Be7 10. Be3 Qc7 11. Rfc1 dxc4 12. Qxc4 O-O 13. b4 Rfc8 14. a4 Nd5 15. Nxd5 exd5 16. Qb3 Ne5 17. Nd4 Bg6 18. b5 Qd7 19. Bf4 Bf6 20. Qa3 Nxd3 21. bxc6 bxc6 22. exd3 Bxd4 23. Rab1 h5 24. h4 Qf5 25. Qb4 c5 26. Qb7 Qxd3 27. Bxd5 Qe2 28. Rf1 Bxb1 29. Qxf7+ Kh8 30. Rxb1 Bxf2+ 31. Kh1 Rf8 32. Qg6 Rae8 33. Bh6 Bd4 34. Bf4 Qg4 35. Qd3 Qh3# 0-1


[Site "https://www.chess.com"]

[Event "Titled Tuesday Blitz June 20 Late 2023"]
[White "julioramirezosio"]
[Black "Zaitsev, Alexander"]
[BlackFideId "4164490"]
[WhiteElo "2367"]
[BlackElo "2373"]
[Result "0-1"]
[Round "3"]
[TimeControl "180+2"]
[Date "2023.06.20"]
[WhiteClock "0:00:00"]
[BlackClock "0:00:25"]
[Board "146"]

1. d4 Nf6 2. c4 e6 3. g3 Bb4+ 4. Nd2 O-O 5. Bg2 d5 6. Nf3 dxc4 7. Qc2 a5 8. Qxc4 b6 9. Ne5 Ra7 10. a3 Ba6 11. Qc2 Be7 12. Ndf3 c5 13. dxc5 Bxc5 14. O-O Rc7 15. Qd2 Qxd2 16. Bxd2 Bxe2 17. Rfe1 Bb5 18. b4 axb4 19. axb4 Bd6 20. Nd4 Bxe5 21. Rxe5 Bc4 22. Rc1 Rfc8 23. Bf4 Nbd7 24. Ree1 e5 25. Bxe5 Nxe5 26. Rxe5 g6 27. Nb5 Bxb5 28. Rxc7 Rxc7 29. Rxb5 Rc1+ 30. Bf1 Rc6 31. Bg2 Rd6 32. Bf3 Ne8 33. Re5 Kf8 34. Kg2 Nc7 35. b5 f6 36. Re3 Nxb5 37. Rb3 Nd4 38. Rd3 Ke7 39. Bd1 b5 40. Re3+ Kd7 41. Rd3 Kc6 42. h4 Kc5 43. h5 Kc4 44. Be2 Kc5 0-1


[Site "https://www.chess.com"]

[Event "Titled Tuesday Blitz June 20 Late 2023"]
[White "Buscar, Michael"]
[Black "Novikov, Evgenij"]
[WhiteFideId "2603616"]
[BlackFideId "4125380"]
[WhiteElo "2010"]
[BlackElo "2242"]
[Result "0-1"]
[Round "3"]
[TimeControl "180+2"]
[Date "2023.06.20"]
[WhiteClock "0:00:22"]
[BlackClock "0:00:08"]
[Board "147"]

1. Nf3 d6 2. b3 Nf6 3. Bb2 g6 4. e3 Bg7 5. Be2 O-O 6. O-O c5 7. c4 Nc6 8. d3 e5 9. Nbd2 Bf5 10. a3 a6 11. Re1 b5 12. cxb5 axb5 13. Ra2 Re8 14. Qa1 Be6 15. Ng5 Bg4 16. Bxg4 Nxg4 17. Nge4 d5 18. Nxc5 Qh4 19. Nf3 Qxf2+ 20. Kh1 Nxe3 21. Bd4 Qxa2 22. Qxa2 exd4 23. a4 Re7 24. Rc1 bxa4 25. bxa4 Rea7 26. Qf2 Ne7 27. Ng5 N7f5 28. Nf3 h5 29. Nd2 Rc7 30. Ndb3 Rac8 31. a5 Bf8 32. a6 Bxc5 33. Nxc5 Rxc5 34. Rxc5 Rxc5 35. Qb2 Rc2 36. Qb8+ Kh7 37. h4 Rc1+ 38. Kh2 Ng4+ 39. Kh3 Rh1+ 40. Qh2 Rxh2# 0-1


[Site "https://www.chess.com"]

[Event "Titled Tuesday Blitz June 20 Late 2023"]
[White "Schut, Han"]
[Black "Liu, Casper"]
[WhiteFideId "1005561"]
[BlackFideId "1454153"]
[WhiteElo "2024"]
[BlackElo "2221"]
[Result "0-1"]
[Round "3"]
[TimeControl "180+2"]
[Date "2023.06.20"]
[WhiteClock "0:00:00"]
[BlackClock "0:00:16"]
[Board "148"]

1. e4 Nc6 2. Nf3 d6 3. d4 Bg4 4. Bb5 a6 5. Bxc6+ bxc6 6. h3 Bxf3 7. Qxf3 g6 8. e5 d5 9. c4 e6 10. c5 Bg7 11. Qg3 Ne7 12. Bg5 Nf5 13. Qf4 f6 14. exf6 Bxf6 15. Bxf6 Qxf6 16. Qxc7 O-O 17. Qe5 Nxd4 18. Qxf6 Rxf6 19. Na3 Raf8 20. f3 e5 21. O-O-O Ne6 22. Rhe1 Rf5 23. Nc2 Nxc5 24. Ne3 R5f7 25. Ng4 e4 26. Nh6+ Kg7 27. Nxf7 Nd3+ 28. Kd2 Nxe1 29. Ng5 Rf5 30. Ne6+ Kf6 31. fxe4 dxe4 32. Nd8 Nxg2 33. Nxc6 e3+ 34. Kd3 Rd5+ 0-1


[Site "https://www.chess.com"]

[Event "Titled Tuesday Blitz June 20 Late 2023"]
[White "Namitbir Singh Walia"]
[Black "Ward, Ieuan C"]
[WhiteFideId "35071068"]
[BlackFideId "406627"]
[WhiteElo "2239"]
[BlackElo "2263"]
[Result "1-0"]
[Round "3"]
[TimeControl "180+2"]
[Date "2023.06.20"]
[WhiteClock "0:00:48"]
[BlackClock "0:00:04"]
[Board "149"]

1. e4 e5 2. Nf3 Nc6 3. Bc4 Nf6 4. d4 exd4 5. O-O d6 6. Nxd4 Nxd4 7. Qxd4 Be7 8. Nc3 O-O 9. f3 Be6 10. Be3 Bxc4 11. Qxc4 Qd7 12. Rad1 Qc6 13. Qd3 a6 14. Nd5 Nxd5 15. Qxd5 Qxd5 16. Rxd5 Bf6 17. Bd4 Bxd4+ 18. Rxd4 f5 19. Re1 Rae8 20. Kf2 fxe4 21. Rdxe4 Rxe4 22. Rxe4 Kf7 23. Ke3 Rd8 24. Kd4 Rd7 25. c4 Kf6 26. h4 g6 27. b4 h6 28. a4 Rg7 29. Kd5 Re7 30. g4 Rxe4 31. fxe4 Ke7 32. b5 a5 33. e5 Kd7 34. exd6 cxd6 35. c5 dxc5 36. Kxc5 Kc7 37. Kd5 Kd7 38. b6 Ke7 39. Ke5 h5 40. g5 Kd7 41. Kf6 Kc6 42. Kxg6 Kxb6 43. Kxh5 1-0


[Site "https://www.chess.com"]

[Event "Titled Tuesday Blitz June 20 Late 2023"]
[White "Kornyukov, Alexey"]
[Black "Szyszylo, Rafal"]
[WhiteFideId "4150457"]
[BlackFideId "1109626"]
[WhiteElo "2352"]
[BlackElo "1951"]
[Result "0-1"]
[Round "3"]
[TimeControl "180+2"]
[Date "2023.06.20"]
[WhiteClock "0:00:00"]
[BlackClock "0:00:14"]
[Board "150"]

1. d4 g6 2. c4 d6 3. Nc3 Bg7 4. e4 Nf6 5. f3 e5 6. d5 Nfd7 7. Bd3 Bh6 8. Nh3 O-O 9. O-O Bxc1 10. Qxc1 a5 11. Qh6 Qf6 12. Nb5 Na6 13. Qe3 Qe7 14. g4 Ndc5 15. Bc2 a4 16. a3 Bd7 17. Nc3 Nb3 18. Bxb3 axb3 19. Nf2 Nc5 20. Nd3 b6 21. Kh1 Qh4 22. Ne2 f5 23. gxf5 gxf5 24. Rg1+ Kh8 25. Nxc5 bxc5 26. f4 fxe4 27. fxe5 Bg4 28. Rxg4 Qxg4 29. e6 Rf3 30. Qg1 Qf5 0-1


[Site "https://www.chess.com"]

[Event "Titled Tuesday Blitz June 20 Late 2023"]
[White "Dmitriev, Sergey"]
[Black "Yeritsyan, Hayk"]
[WhiteFideId "14101785"]
[BlackFideId "13307320"]
[WhiteElo "2132"]
[BlackElo "2459"]
[Result "0-1"]
[Round "3"]
[TimeControl "180+2"]
[Date "2023.06.20"]
[WhiteClock "0:01:12"]
[BlackClock "0:01:33"]
[Board "151"]

1. d4 d5 2. Nf3 Nf6 3. Bf4 c6 4. e3 Bg4 5. h3 Bxf3 6. Qxf3 e6 7. Nd2 Bd6 8. Bxd6 Qxd6 9. Bd3 Nbd7 10. c3 e5 11. dxe5 Nxe5 12. Qe2 O-O 13. Bc2 Rfe8 14. O-O Rad8 15. Nf3 Nxf3+ 16. Qxf3 a6 17. Rad1 Qe5 18. Rfe1 Ne4 19. Bxe4 dxe4 20. Qe2 Qe6 21. b3 g6 22. Rxd8 Rxd8 23. Rd1 Rd5 24. Rd4 c5 25. Rd2 Qd6 26. Rxd5 Qxd5 27. Kf1 b5 28. Ke1 c4 29. Qd2 Qd3 30. bxc4 bxc4 31. Qb2 Kg7 32. g3 h5 33. h4 a5 34. Qd2 Qb1+ 35. Ke2 Qd3+ 36. Ke1 a4 37. Qb2 Kf6 38. Qb6+ Kf5 39. Qc5+ Kg4 40. Qc8+ Kf3 41. Qc5 Qe2# 0-1


[Site "https://www.chess.com"]

[Event "Titled Tuesday Blitz June 20 Late 2023"]
[White "Tarnowska, Aleksandra"]
[Black "Licznerski, Lukasz"]
[WhiteFideId "1180967"]
[BlackFideId "1179250"]
[WhiteElo "1776"]
[BlackElo "2453"]
[Result "0-1"]
[Round "3"]
[TimeControl "180+2"]
[Date "2023.06.20"]
[WhiteClock "0:00:00"]
[BlackClock "0:00:08"]
[Board "152"]

1. e4 c6 2. d4 d5 3. Nc3 dxe4 4. Nxe4 Nd7 5. Nf3 Ngf6 6. Ng3 e6 7. Be3 c5 8. c3 Qc7 9. Bb5 a5 10. O-O Bd6 11. dxc5 Bxc5 12. Bxc5 Qxc5 13. a4 O-O 14. Qc2 Qc7 15. Rad1 b6 16. Ng5 h6 17. N5e4 Bb7 18. Bxd7 Nxd7 19. Nh5 Rad8 20. Rfe1 Nc5 21. Nxc5 Qxc5 22. Rxd8 Rxd8 23. Nf4 Qg5 24. g3 Qc5 25. Qe2 Qc6 26. f3 Qxa4 27. Kf2 Qb3 28. Nd3 Qb5 29. Ne5 Qc5+ 30. Kg2 Rd5 0-1


[Site "https://www.chess.com"]

[Event "Titled Tuesday Blitz June 20 Late 2023"]
[White "Raja Rithvik R"]
[Black "Freile Martin, Javier"]
[WhiteFideId "35007394"]
[BlackFideId "3600165"]
[WhiteElo "2395"]
[BlackElo "2320"]
[Result "1-0"]
[Round "3"]
[TimeControl "180+2"]
[Date "2023.06.20"]
[WhiteClock "0:01:27"]
[BlackClock "0:01:15"]
[Board "153"]

1. Nf3 Nf6 2. g3 g6 3. Bg2 Bg7 4. O-O d6 5. c4 O-O 6. d4 Bf5 7. Nc3 Ne4 8. Qb3 Nxc3 9. bxc3 Nc6 10. Qxb7 Na5 11. Qb4 c5 12. dxc5 dxc5 13. Qxc5 Rc8 14. Qxa7 Nxc4 15. Nd4 Bd7 16. Rd1 Rc7 17. Qa6 Qb8 18. Bg5 e5 19. Rab1 exd4 20. Rxb8 Rxb8 21. cxd4 Bb5 22. Rb1 Rcb7 23. Qxb7 Rxb7 24. Bxb7 Na3 25. Rb3 Bf8 26. Bc1 1-0


[Site "https://www.chess.com"]

[Event "Titled Tuesday Blitz June 20 Late 2023"]
[White "Lin, Dachey"]
[Black "Rosenberg, Evan S"]
[WhiteFideId "2029650"]
[BlackFideId "2019299"]
[WhiteElo "2313"]
[BlackElo "2325"]
[Result "1-0"]
[Round "3"]
[TimeControl "180+2"]
[Date "2023.06.20"]
[WhiteClock "0:00:32"]
[BlackClock "0:00:06"]
[Board "154"]

1. Nf3 d5 2. e3 c5 3. d4 Bg4 4. Be2 e6 5. c3 Nc6 6. Nbd2 Nf6 7. O-O a6 8. h3 Bf5 9. Nh4 Bg6 10. Nxg6 hxg6 11. Nf3 c4 12. a4 b5 13. b4 Bd6 14. Nd2 Bc7 15. Re1 Qd6 16. Nf1 Rb8 17. axb5 axb5 18. Bf3 Ne4 19. Bxe4 dxe4 20. f3 exf3 21. Qxf3 Rh5 22. e4 Nxd4 23. cxd4 Qxd4+ 24. Be3 Qc3 25. Red1 Qxb4 26. Ra7 Rc8 27. e5 Rxe5 28. Qc6+ Kf8 29. Qd7 Rxe3 1-0


[Site "https://www.chess.com"]

[Event "Titled Tuesday Blitz June 20 Late 2023"]
[White "D`Arruda, Ricardo D."]
[Black "Prieto Aranguren, Alain"]
[WhiteFideId "100692"]
[BlackFideId "2268906"]
[WhiteElo "2527"]
[BlackElo "2209"]
[Result "1-0"]
[Round "3"]
[TimeControl "180+2"]
[Date "2023.06.20"]
[WhiteClock "0:00:56"]
[BlackClock "0:00:03"]
[Board "155"]

1. d4 d6 2. e4 g6 3. Nc3 Bg7 4. Nf3 Nf6 5. Bg5 O-O 6. Qd2 a6 7. O-O-O b5 8. a3 c6 9. Bh6 a5 10. Bxg7 Kxg7 11. e5 dxe5 12. dxe5 Qxd2+ 13. Rxd2 Ne8 14. Ne4 Na6 15. Be2 Be6 16. Rhd1 Nec7 17. Nfg5 Bd5 18. f3 Ne6 19. Nxe6+ Bxe6 20. Bd3 Rfd8 21. Ng5 Bd5 22. Be4 e6 23. Nh3 Nc5 24. Nf2 Rdc8 25. Rd4 b4 26. axb4 axb4 27. Rxb4 Ra2 28. Kd2 Na6 29. Rb6 Nc7 30. Bd3 c5 31. c4 Ba8 32. Kc3 Na6 33. Bb1 Ra5 34. Be4 Nb4 35. Bxa8 Raxa8 36. Rd7 Ra1 37. Rbb7 Rc1+ 38. Kb3 Rf8 39. Ne4 Rg1 40. Nxc5 Nc6 41. Nxe6+ Kg8 42. Nxf8 Na5+ 43. Kb4 Nxb7 44. Rxb7 Kxf8 45. Kc5 Rxg2 46. b4 Re2 47. b5 Rxe5+ 48. Kd6 Re6+ 49. Kd5 Re1 50. c5 Rd1+ 51. Ke5 Re1+ 52. Kf4 Rc1 53. c6 Rc4+ 54. Ke5 Ke8 55. Kd6 Rd4+ 56. Kc5 Rd1 57. Rb8+ Ke7 58. c7 Rc1+ 59. Kb6 Kf6 60. c8=Q 1-0


[Site "https://www.chess.com"]

[Event "Titled Tuesday Blitz June 20 Late 2023"]
[White "Han, Yichen"]
[Black "Hoffmann, Asa"]
[WhiteFideId "1054430"]
[BlackFideId "2001470"]
[WhiteElo "2342"]
[BlackElo "2117"]
[Result "0-1"]
[Round "3"]
[TimeControl "180+2"]
[Date "2023.06.20"]
[WhiteClock "0:01:36"]
[BlackClock "0:01:48"]
[Board "156"]

1. d4 Nf6 2. c4 c5 3. d5 e5 4. Nf3 d6 5. Nc3 Be7 6. e4 Nbd7 7. g3 O-O 8. Bg2 b5 9. cxb5 a6 10. b6 Qxb6 11. O-O a5 12. Nd2 Ba6 13. Re1 c4 14. Qe2 Rfc8 15. Nf1 Nc5 16. Be3 Rab8 17. Rab1 Qb4 18. a3 Qb3 19. Nd2 Qc2 20. Bxc5 Rxc5 21. Rec1 Qd3 22. Bf1 Qxe2 23. Bxe2 Nd7 24. b3 Bg5 25. Rd1 Bxd2 26. Rxd2 cxb3 27. Bxa6 Rxc3 28. a4 Rb4 29. Bb5 Nc5 30. Rdb2 Rxe4 31. Kf1 g6 0-1


[Site "https://www.chess.com"]

[Event "Titled Tuesday Blitz June 20 Late 2023"]
[White "Zhukov, Maksim"]
[Black "Srdanovic, Jovana"]
[WhiteFideId "34181790"]
[BlackFideId "954810"]
[WhiteElo "1925"]
[BlackElo "2155"]
[Result "0-1"]
[Round "3"]
[TimeControl "180+2"]
[Date "2023.06.20"]
[WhiteClock "0:00:00"]
[BlackClock "0:01:01"]
[Board "157"]

1. e4 c5 2. Nf3 Nc6 3. d4 cxd4 4. Nxd4 Qb6 5. Nb3 Nf6 6. Nc3 e6 7. Be3 Qc7 8. a3 a6 9. Be2 b5 10. O-O Bb7 11. Re1 Be7 12. f4 d6 13. Bf3 O-O 14. Kh1 Rac8 15. Bf2 Rfe8 16. Qe2 b4 17. axb4 Nxb4 18. Rad1 d5 19. exd5 Nfxd5 20. Nxd5 Nxd5 21. Bxd5 Bxd5 22. Nd4 Qxf4 23. Bg3 Qg5 24. Rf1 Bc5 0-1


[Site "https://www.chess.com"]

[Event "Titled Tuesday Blitz June 20 Late 2023"]
[White "Stanisz, Patryk"]
[Black "Berezin, Viktor"]
[WhiteFideId "1123106"]
[BlackFideId "14107872"]
[WhiteElo "2069"]
[BlackElo "2310"]
[Result "0-1"]
[Round "3"]
[TimeControl "180+2"]
[Date "2023.06.20"]
[WhiteClock "0:00:01"]
[BlackClock "0:00:16"]
[Board "158"]

1. d4 Nf6 2. c4 g6 3. Nc3 Bg7 4. e4 O-O 5. Be2 d6 6. g4 c5 7. d5 e6 8. g5 Ne8 9. Be3 exd5 10. cxd5 a6 11. a4 f5 12. gxf6 Nxf6 13. h4 Qe7 14. Qc2 Bg4 15. f3 Bc8 16. Nh3 Nbd7 17. Ng5 Ne5 18. O-O-O b5 19. f4 Neg4 20. Bg1 h6 21. Ne6 Bxe6 22. dxe6 Qxe6 23. Nd5 Qf7 24. Bf3 bxa4 25. e5 dxe5 26. fxe5 Nxe5 27. Nxf6+ Qxf6 28. Bxa8 Rxa8 29. Bxc5 Rc8 30. Kb1 a3 31. Qb3+ Kh7 32. Bd4 Qf5+ 33. Ka2 axb2 34. Rhf1 b1=Q+ 35. Qxb1 Rc2+ 36. Kb3 Nf3 37. Qxc2 Qb5+ 38. Ka2 Nxd4 39. Rxd4 Qxf1 40. Rd2 Qf7+ 41. Qb3 Qf4 42. Qc2 Qxh4 43. Re2 Qf6 44. Qb3 Qa1# 0-1


[Site "https://www.chess.com"]

[Event "Titled Tuesday Blitz June 20 Late 2023"]
[White "Martin Carmona, Gaston Manuel"]
[Black "Cooper, Aaron"]
[WhiteFideId "22284567"]
[BlackFideId "2634945"]
[WhiteElo "2245"]
[BlackElo "2306"]
[Result "1-0"]
[Round "3"]
[TimeControl "180+2"]
[Date "2023.06.20"]
[WhiteClock "0:01:40"]
[BlackClock "0:00:16"]
[Board "159"]

1. Nf3 Nf6 2. d4 g6 3. c4 Bg7 4. Nc3 d6 5. g3 O-O 6. Bg2 c6 7. O-O Nbd7 8. e4 e5 9. d5 cxd5 10. cxd5 Nc5 11. Ne1 a5 12. Nd3 b6 13. Re1 Ba6 14. Bf1 Nfd7 15. Nxc5 Nxc5 16. Bxa6 Rxa6 17. Qe2 Ra7 18. Nb5 Rd7 19. b3 f5 20. exf5 Rxf5 21. Be3 Rdf7 22. Rad1 h5 23. Bxc5 bxc5 24. Nc3 Rxf2 25. Qxf2 Rxf2 26. Kxf2 h4 27. Ne4 hxg3+ 28. hxg3 Qb6 29. Kg2 a4 30. bxa4 Qa5 31. Nxd6 Qxa4 32. Ne4 Bf8 33. d6 Bxd6 34. Rxd6 Qxa2+ 35. Rd2 Qc4 36. Rde2 Kg7 37. Nd2 Qd5+ 38. Nf3 c4 39. Rxe5 Qc6 40. Re6 Kf7 41. Rxc6 1-0


[Site "https://www.chess.com"]